Map: Lost and Found LE

Players

SpaceMarine

  • Race: Protoss Protoss
  • Spawn Location: 1:00

Retjah (Ret) - Winner!

  • Race: Zerg Zerg
  • Spawn Location: 7:00

Event: WCS Valencia 2018

VOD

Have the link to the VOD?

Description

Time

  • Played on: July 12, 2018, 7:16 a.m.
  • Length: 11:43

All games in this series

Show
View Real Time Build Order
Export as new Build Order

SpaceMarine Protoss 

Build Orders: 1 Gate Expand, Mass Phoenix 

Get SALT Encoding   

  12  0:01  Probe  
  13  0:13  Probe  
  14  0:20  Pylon  
  14  0:25  Probe  
  15  0:37  Probe  
  15  0:38  Gateway  
  16  0:43  Assimilator  
  16  0:45  Probe  
  17  0:53  Probe  
  18  1:04  Probe  
  19  1:20  Nexus  
  19  1:23  Probe  
  20  1:32  Cybernetics Core  
  20  1:36  Probe  
  21  1:42  Assimilator  
  21  1:48  Probe  
  21  1:51  Pylon  
  22  1:58  Probe  
  22  2:00  Warp Gate  
  23  2:06  Probe  
  23  2:08  Adept  
  23  2:14  Probe  
  26  2:22  Twilight Council  
  27  2:26  Probe  
  27  2:27  Stalker  
  27  2:29  Probe  
  31  2:37  Probe  
  31  2:38  Probe  
  33  2:48  Probe  
  33  2:50  Probe  
  35  2:59  Resonating Glaives  
  35  3:00  Probe  
  35  3:02  Probe  
  37  3:09  Gateway  
  37  3:12  Probe  
  38  3:15  Probe  
  38  3:19  Gateway  
  37  3:23  Adept  
  37  3:24  Probe  
  41  3:27  Probe  
  41  3:29  Pylon  
  41  3:36  Stargate, Probe  
  41  3:37  Assimilator  
  41  3:39  Probe  
  41  3:40  Assimilator  
  43  3:43  Pylon  
  44  3:48  Probe  
  44  3:50  Pylon  
  44  3:51  Probe  
  45  3:58  Stargate  
  45  4:00  Probe  
  46  4:03  Probe  
  46  4:09  Pylon  
  47  4:11  Adept  
  47  4:12  Oracle, Adept, Probe  
  47  4:16  Adept  
  57  4:25  Probe  
  57  4:27  Pylon  
  58  4:33  Adept x2  
  58  4:36  Adept  
  64  4:43  Phoenix  
  66  4:47  Pylon  
  66  4:52  Phoenix  
  68  5:01  Adept  
  68  5:02  Adept  
  68  5:04  Adept  
  66  5:08  Phoenix  
  68  5:15  Phoenix  
  70  5:26  Phoenix  
  70  5:29  Adept  
  70  5:30  Adept  
  70  5:31  Adept  
  70  5:33  Phoenix  
  80  5:48  Phoenix  
  80  5:50  Phoenix  
  80  5:52  Nexus  
  80  5:55  Pylon  
  82  5:59  Pylon  
  84  6:13  Phoenix x2  
  84  6:15  Adept  
  84  6:17  Adept  
  92  6:18  Adept  
  92  6:24  Probe x2  
  92  6:25  Forge  
  96  6:26  Pylon  
  96  6:36  Probe x2  
  96  6:38  Phoenix  
  100  6:48  Probe x2  
  102  6:58  Phoenix x2  
  102  7:00  Probe  
  85  7:08  Protoss Air Weapons Level 1, Probe  
  85  7:09  Probe  
  85  7:10  Adept x3  
  85  7:12  Probe  
  94  7:21  Probe  
  95  7:23  Phoenix  
  95  7:24  Phoenix  
  95  7:26  Probe  
  95  7:27  Probe  
  99  7:33  Probe  
  99  7:34  Gateway, Assimilator  
  99  7:35  Gateway  
  100  7:39  Assimilator, Probe  
  100  7:40  Adept x3  
  100  7:42  Probe  
  108  7:45  Probe  
  108  7:49  Phoenix  
  108  7:50  Phoenix  
  113  7:59  Gateway  
  113  8:01  Gateway  
  113  8:03  Gateway  
  112  8:15  Adept x2, Phoenix  
  115  8:23  Probe x3  
  115  8:24  Phoenix  
  115  8:27  Adept  
  120  8:29  Protoss Ground Weapons Level 1  
  120  8:33  Phoenix  
  122  8:35  Probe x2  
  126  8:42  Adept x3  
  126  8:44  Adept  
  126  8:48  Pylon x2  
  130  8:50  Pylon  
  130  8:57  Pylon  
  130  8:59  Pylon, Phoenix x2  
  125  9:12  Templar Archives  
  107  9:22  Phoenix  
  93  9:27  Adept x5  
  93  9:28  Adept x2  
  109  9:35  Phoenix  
  111  9:49  Phoenix  
  113  9:53  Pylon  
  113  9:54  Adept x3  
  103  10:00  Probe x3, Phoenix  
  103  10:05  Adept x5  
  114  10:12  Probe x3  
  105  10:24  Probe x3  
  105  10:37  Phoenix  
  105  10:38  Probe  
  108  10:44  Probe  
  107  10:52  Phoenix  
  107  10:53  Probe  
  107  10:54  Probe  
  107  10:57  Probe  
  112  10:58  Adept x2  
  112  10:59  Adept x6  
  128  11:13  Phoenix  
  128  11:17  Phoenix  
  132  11:20  Adept x2  
  132  11:21  Adept x4  
  142  11:26  Adept  
  142  11:27  Adept  
Show
View Real Time Build Order
Export as new Build Order

Retjah Zerg - Winner!

Build Orders: Hatch First 

Get SALT Encoding   

  12  0:00  Drone  
  13  0:12  Overlord  
  13  0:17  Drone  
  14  0:31  Drone x2  
  16  0:48  Hatchery  
  15  0:51  Drone  
  15  0:55  Drone  
  17  0:58  Drone  
  18  1:10  Extractor  
  17  1:14  Spawning Pool  
  17  1:17  Drone  
  17  1:20  Drone  
  18  1:28  Drone  
  19  1:39  Drone  
  20  1:50  Drone  
  21  2:00  Queen  
  21  2:01  Zergling x2, Queen  
  25  2:04  Overlord  
  26  2:11  Drone x2  
  26  2:13  Metabolic Boost  
  28  2:22  Drone x2  
  30  2:34  Hatchery  
  30  2:36  Drone  
  30  2:40  Drone  
  31  2:45  Queen  
  31  2:48  Zergling x2  
  34  2:53  Overlord  
  34  2:56  Drone  
  34  2:57  Drone  
  36  3:05  Evolution Chamber  
  35  3:07  Drone  
  35  3:11  Drone  
  35  3:12  Drone x4  
  40  3:17  Drone x2  
  41  3:20  Drone  
  41  3:23  Overlord  
  42  3:30  Queen  
  42  3:34  Zerg Melee Weapons Level 1  
  44  3:38  Overlord  
  44  3:43  Drone x3  
  44  3:47  Drone  
  44  3:48  Queen  
  48  3:53  Drone x3  
  48  3:55  Drone  
  54  3:57  Overlord  
  54  3:59  Drone  
  54  4:01  Drone  
  54  4:02  Drone  
  57  4:04  Drone  
  58  4:12  Overlord  
  58  4:13  Queen  
  60  4:18  Overlord  
  60  4:19  Drone x4  
  60  4:21  Zergling x2  
  60  4:22  Zergling x2  
  66  4:25  Zergling x4  
  66  4:30  Zergling x6  
  71  4:35  Queen  
  71  4:36  Spore Crawler  
  72  4:39  Zergling x4, Spore Crawler x2  
  72  4:42  Zergling x4  
  76  4:45  Zergling x4  
  76  4:46  Zergling x2  
  77  4:57  Lair  
  82  5:00  Drone x5  
  82  5:03  Drone x2  
  82  5:04  Overlord  
  82  5:05  Extractor  
  82  5:06  Overlord  
  78  5:08  Drone x3  
  78  5:10  Extractor  
  78  5:14  Extractor, Drone x2  
  81  5:16  Drone  
  81  5:17  Extractor, Spore Crawler  
  81  5:20  Baneling Nest  
  79  5:22  Overlord  
  79  5:23  Drone x2  
  79  5:24  Drone  
  79  5:27  Overlord  
  77  5:28  Zergling x2  
  77  5:29  Zergling x2  
  77  5:31  Overlord  
  77  5:33  Overlord  
  79  5:41  Zergling x8  
  83  5:48  Drone x3  
  85  5:50  Drone  
  85  5:51  Drone  
  85  5:55  Zergling x6  
  90  6:00  Hydralisk Den  
  90  6:01  Drone x3  
  90  6:03  Spore Crawler, Baneling  
  90  6:04  Baneling x5  
  87  6:16  Drone  
  87  6:17  Drone  
  87  6:18  Drone x2  
  87  6:20  Centrifical Hooks, Zerg Melee Weapons Level 2  
  87  6:23  Overlord  
  89  6:29  Drone  
  90  6:32  Baneling  
  90  6:33  Baneling x5  
  90  6:35  Grooved Spines, Hydralisk  
  90  6:37  Drone x2  
  91  6:43  Hydralisk x2  
  95  6:57  Hydralisk x4  
  94  7:05  Hydralisk  
  87  7:10  Drone  
  87  7:12  Drone  
  87  7:13  Drone x4  
  87  7:30  Hydralisk x5  
  87  7:34  Hydralisk  
  87  7:36  Hatchery  
  98  7:40  Hydralisk  
  98  7:42  Overlord x4  
  100  7:47  Hydralisk x2  
  104  7:53  Zergling x14  
  104  7:58  Drone x2  
  113  7:59  Zergling x2  
  113  8:01  Muscular Augments  
  113  8:04  Baneling x3  
  114  8:07  Drone x4  
  114  8:11  Zergling x8  
  114  8:19  Zergling x8  
  117  8:24  Zergling x2  
  118  8:30  Hydralisk x2  
  122  8:35  Zergling x10  
  122  8:36  Zerg Missile Weapons Level 1  
  127  8:41  Zergling x8  
  127  8:46  Zergling x8  
  127  8:47  Queen  
  135  8:55  Hydralisk x3  
  140  8:59  Hydralisk x3  
  144  9:03  Baneling x3  
  144  9:05  Zergling x12  
  147  9:14  Hydralisk x2  
  146  9:20  Hydralisk  
  130  9:26  Drone x4  
  130  9:29  Hydralisk  
  136  9:34  Hydralisk x2  
  139  9:42  Zergling x12  
  145  9:47  Zergling x2  
  145  9:54  Zergling x6  
  145  9:58  Zergling x8  
  151  10:04  Zergling x16  
  154  10:10  Hydralisk  
  147  10:15  Hydralisk x3  
  147  10:21  Hydralisk  
  151  10:24  Hydralisk  
  153  10:29  Hydralisk x3  
  153  10:35  Hydralisk x2  
  155  10:44  Hydralisk x2  
  152  10:50  Zergling x14  
  152  10:53  Overlord  
  152  10:54  Overlord  
  159  10:58  Baneling x6  
  159  10:59  Overlord x2  
  159  11:04  Extractor  
  159  11:07  Overlord  
  158  11:13  Drone x7  
  158  11:17  Drone x5  
  172  11:20  Drone  
  172  11:21  Drone x5  
  172  11:23  Drone  
  172  11:25  Spore Crawler  
  178  11:26  Drone  
  178  11:28  Drone  
Tags
 
Add a new tag
Caveats
  • Supply blocks, unpowered buildings, or Contaminate may cause inaccurate times.
  • Supply counts are checked every 10 seconds.